Map: Acropolis LE

Players

Probe

  • Race: Protoss Protoss
  • Spawn Location: 11:00

MCanning - Winner!

  • Race: Protoss Protoss
  • Spawn Location: 5:00

VOD

Have the link to the VOD?

Description

Time

  • Played on: Sept. 6, 2019, 7:02 p.m.
  • Length: 18:00
Show
View Real Time Build Order
Export as new Build Order

Probe Protoss 

Build Orders: Phoenix Opening 

Get SALT Encoding   

  12  0:00  Probe  
  13  0:12  Probe  
  14  0:17  Pylon  
  14  0:23  Probe  
  15  0:31  Probe  
  16  0:37  Gateway  
  16  0:39  Probe  
  16  0:48  Assimilator  
  17  0:51  Probe  
  17  0:55  Assimilator  
  18  0:59  Probe  
  19  1:07  Gateway, Probe  
  19  1:17  Probe  
  21  1:26  Cybernetics Core  
  21  1:29  Probe  
  22  1:36  Pylon  
  22  1:41  Probe  
  23  1:54  Probe  
  24  2:02  Stalker  
  24  2:03  Warp Gate, Sentry  
  24  2:06  Probe  
  29  2:12  Pylon  
  29  2:18  Pylon, Probe  
  30  2:29  Stalker  
  32  2:35  Stalker  
  32  2:36  Phoenix  
  34  2:45  Probe  
  35  2:57  Nexus  
  35  3:00  Sentry  
  37  3:06  Sentry  
  37  3:08  Pylon  
  39  3:25  Probe  
  39  3:27  Forge  
  39  3:37  Twilight Council, Probe  
  39  3:40  Phoenix  
  40  3:47  Probe  
  40  3:55  Probe  
  41  3:57  Stalker x2  
  41  3:59  Protoss Ground Weapons Level 1  
  46  4:03  Probe  
  46  4:08  Probe  
  47  4:11  Blink  
  47  4:12  Probe  
  47  4:16  Probe  
  49  4:17  Phoenix  
  49  4:20  Probe  
  51  4:25  Probe  
  51  4:29  Probe  
  52  4:37  Probe  
  54  4:39  Pylon  
  54  4:41  Probe  
  55  4:49  Probe  
  55  4:50  Pylon  
  55  4:51  Pylon  
  55  4:52  Assimilator  
  56  4:53  Probe, Assimilator  
  57  5:00  Stargate  
  57  5:02  Probe  
  58  5:07  Probe  
  58  5:10  Gateway  
  59  5:14  Probe  
  59  5:16  Robotics Facility  
  59  5:21  Probe  
  61  5:24  Stalker  
  61  5:27  Stalker  
  65  5:45  Pylon  
  65  5:46  Phoenix  
  67  5:51  Shield Battery  
  67  5:52  Gateway  
  67  5:53  Shield Battery  
  67  5:54  Gateway  
  67  5:57  Shield Battery  
  67  6:01  Stalker  
  67  6:02  Stalker  
  71  6:11  Shield Battery  
  71  6:14  Immortal, Shield Battery  
  75  6:27  Stalker x2  
  75  6:29  Phoenix  
  79  6:36  Stalker  
  83  6:48  Phoenix  
  83  6:50  Sentry x2  
  83  6:51  Shield Battery  
  71  7:03  Stalker x3  
  73  7:09  Probe  
  63  7:23  Zealot x2  
  63  7:25  Probe  
  60  7:30  Stalker x3  
  60  7:31  Probe  
  64  7:37  Probe  
  64  7:42  Charge  
  64  7:43  Phoenix  
  67  7:45  Probe  
  67  7:49  Probe  
  70  8:02  Protoss Ground Weapons Level 2  
  70  8:06  Immortal  
  70  8:07  Gateway  
  70  8:12  Gateway  
  73  8:24  Zealot x4  
  81  8:38  Templar Archives  
  81  8:50  Immortal  
  85  9:08  Nexus  
  85  9:14  Gateway  
  85  9:15  Photon Cannon  
  85  9:17  Photon Cannon  
  85  9:23  Observer  
  85  9:25  High Templar x2  
  85  9:26  Probe x2  
  85  9:27  Pylon  
  92  9:32  Archon  
  92  9:33  Sentry  
  92  9:37  Pylon  
  94  9:40  Pylon  
  94  9:47  Phoenix  
  96  9:57  Probe x2  
  96  10:00  Photon Cannon  
  96  10:06  High Templar x2  
  100  10:13  Archon  
  100  10:15  Zealot  
  100  10:16  Zealot x4  
  109  10:25  Observer  
  107  10:29  Probe  
  109  10:37  Zealot x6  
  109  10:39  Probe  
  109  10:41  Protoss Ground Weapons Level 3  
  122  10:54  Pylon  
  122  10:55  Pylon  
  122  10:59  Pylon  
  122  11:01  Photon Cannon  
  122  11:04  Phoenix  
  122  11:12  Probe  
  122  11:15  Probe  
  126  11:19  High Templar  
  126  11:20  Phoenix, High Templar  
  126  11:21  Probe  
  126  11:24  Probe  
  130  11:25  Assimilator  
  130  11:26  Assimilator  
  130  11:27  Probe  
  131  11:33  Probe  
  131  11:36  Probe  
  131  11:39  Probe  
  134  11:41  Phoenix  
  136  11:49  Probe  
  136  11:53  Stargate  
  137  11:57  Probe  
  137  11:58  Probe  
  137  12:00  Phoenix  
  137  12:06  Zealot  
  141  12:08  Pylon  
  141  12:11  Pylon x2  
  141  12:26  Phoenix  
  142  12:31  Archon, High Templar x2  
  142  12:34  Zealot x5  
  142  12:35  Archon  
  156  12:39  Phoenix  
  157  12:51  Phoenix  
  157  13:01  High Templar x2  
  157  13:03  Zealot x2  
  165  13:09  Pylon  
  165  13:11  Pylon  
  165  13:12  Pylon  
  165  13:13  Pylon  
  165  13:15  Pylon x2, Archon  
  165  13:23  Nexus  
  165  13:26  Warp Prism  
  167  13:30  High Templar x3  
  167  13:31  Zealot, High Templar  
  167  13:32  Zealot  
  179  13:35  Archon x2  
  179  13:39  Pylon  
  179  13:40  Probe x2  
  181  13:42  Zealot x2  
  184  14:03  Observer, Phoenix x2  
  186  14:10  Zealot x4  
  186  14:11  Zealot x3  
  186  14:18  Photon Cannon  
  184  14:28  Phoenix  
  184  14:30  Phoenix  
  186  14:33  Zealot x2  
  186  14:35  Observer  
  191  14:49  Zealot x4  
  191  14:52  Phoenix  
  184  14:58  Phoenix  
  172  15:08  Phoenix, Zealot x3  
  172  15:09  Zealot  
  180  15:18  Shield Battery, Phoenix  
  180  15:20  Assimilator  
  176  15:29  High Templar x4  
  176  15:30  High Templar x2  
  176  15:33  Phoenix  
  178  15:37  Archon  
  178  15:38  Archon  
  178  15:41  Archon  
  176  15:45  Zealot  
  176  15:52  Zealot, Phoenix  
  180  15:58  Phoenix  
  180  16:02  Pylon  
  181  16:04  Fleet Beacon, Zealot x2  
  181  16:09  Zealot  
  181  16:10  Zealot x2  
  191  16:13  Probe x2  
  193  16:24  Phoenix  
  193  16:25  Assimilator  
  195  16:43  Warp Prism  
  182  17:03  Zealot x8  
  174  17:19  Immortal  
  140  17:25  Phoenix  
  140  17:26  Phoenix  
  140  17:27  Zealot  
  140  17:28  Zealot x7  
  102  17:54  High Templar x4  
  102  17:55  High Templar  
Show
View Real Time Build Order
Export as new Build Order

MCanning Protoss - Winner!

Build Orders:  

Get SALT Encoding   

  12  0:01  Probe  
  13  0:13  Probe  
  14  0:17  Pylon  
  14  0:25  Probe  
  15  0:34  Probe  
  15  0:37  Gateway  
  15  0:42  Probe  
  16  0:47  Assimilator  
  17  0:51  Probe  
  17  0:55  Assimilator  
  18  0:59  Probe  
  19  1:08  Probe  
  19  1:12  Gateway  
  19  1:18  Probe  
  20  1:25  Cybernetics Core  
  21  1:30  Probe  
  22  1:41  Pylon  
  22  1:42  Probe  
  23  1:55  Warp Gate  
  23  1:59  Probe  
  24  2:02  Stalker  
  24  2:03  Sentry  
  28  2:11  Probe  
  28  2:12  Pylon  
  29  2:17  Pylon  
  29  2:23  Probe  
  30  2:31  Sentry  
  34  2:40  Sentry  
  34  2:46  Nexus  
  34  2:54  Shield Battery, Probe  
  35  3:02  Probe  
  35  3:10  Probe, Robotics Facility  
  37  3:22  Probe  
  38  3:34  Shield Battery, Probe  
  39  3:43  Pylon  
  39  3:49  Immortal  
  39  3:53  Pylon  
  39  3:58  Probe x2  
  45  4:04  Stalker  
  47  4:10  Probe  
  47  4:11  Robotics Bay  
  47  4:13  Probe  
  47  4:16  Zealot  
  51  4:20  Warp Prism  
  51  4:22  Probe  
  54  4:33  Probe  
  54  4:36  Probe  
  56  4:38  Assimilator  
  56  4:47  Gateway  
  56  4:48  Gateway, Disruptor  
  56  4:51  Probe  
  57  4:53  Probe  
  61  5:03  Probe  
  62  5:10  Probe  
  62  5:11  Gateway  
  62  5:12  Gateway  
  62  5:13  Disruptor  
  63  5:22  Pylon  
  63  5:27  Probe  
  67  5:28  Pylon  
  67  5:31  Pylon  
  67  5:36  Disruptor x2  
  67  5:40  Stalker  
  69  5:43  Pylon x2  
  69  5:48  Stalker  
  71  5:50  Pylon  
  71  5:57  Stalker x2  
  75  6:08  Zealot x2  
  75  6:09  Zealot  
  81  6:14  Zealot  
  81  6:22  Disruptor  
  79  6:27  Stalker x2  
  84  6:36  Probe  
  84  6:39  Assimilator  
  85  6:40  Zealot x4  
  85  6:41  Pylon  
  93  6:54  Disruptor  
  93  6:59  Stalker x2  
  93  7:04  Zealot  
  93  7:05  Zealot x3  
  79  7:23  Twilight Council  
  79  7:29  Stalker x4  
  79  7:32  Disruptor  
  79  7:36  Blink  
  76  7:42  Sentry  
  71  7:47  Nexus  
  71  7:56  Gateway  
  71  8:04  Sentry  
  70  8:06  Probe  
  70  8:09  Dark Shrine, Probe  
  70  8:11  Disruptor  
  70  8:12  Pylon  
  72  8:18  Probe  
  73  8:25  Zealot  
  78  8:32  Probe  
  78  8:41  Shield Battery x2  
  78  8:46  Stalker x3  
  78  8:47  Stalker  
  85  8:54  Immortal, Probe  
  87  9:00  Probe  
  87  9:02  Probe  
  87  9:14  Shield Battery x2  
  87  9:15  Stalker  
  89  9:17  Stalker  
  91  9:24  Probe  
  91  9:25  Probe  
  91  9:26  Probe  
  94  9:31  Forge  
  94  9:36  Probe, Protoss Ground Weapons Level 1  
  94  9:39  Shield Battery  
  94  9:40  Probe, Dark Templar  
  94  9:41  Dark Templar  
  94  9:44  Probe  
  96  9:45  Probe  
  96  9:50  Charge  
  96  9:52  Probe  
  98  9:55  Disruptor  
  102  10:00  Zealot  
  102  10:05  Assimilator  
  104  10:07  Assimilator  
  104  10:13  Probe  
  105  10:15  Zealot  
  107  10:24  Dark Templar x2  
  107  10:25  Photon Cannon, Disruptor  
  109  10:29  Probe  
  109  10:30  Archon  
  109  10:33  Probe  
  114  10:39  Zealot  
  116  10:49  Probe  
  115  10:51  Probe  
  115  10:54  Photon Cannon  
  115  10:57  Zealot x2, Dark Templar x2  
  114  10:58  Zealot  
  114  10:59  Observer  
  114  11:00  Archon  
  122  11:09  Probe  
  122  11:10  Robotics Facility  
  124  11:19  Pylon  
  124  11:21  Disruptor  
  125  11:27  Nexus  
  125  11:33  Probe  
  125  11:36  Protoss Ground Weapons Level 2  
  125  11:39  Templar Archives  
  124  11:41  Photon Cannon, Shield Battery  
  124  11:44  Dark Templar  
  124  11:45  Dark Templar  
  128  11:54  Probe  
  129  12:04  Photon Cannon  
  129  12:06  Probe  
  130  12:09  Photon Cannon  
  130  12:11  Shield Battery, Probe  
  131  12:17  Zealot x3  
  131  12:22  Warp Prism  
  137  12:23  High Templar x3  
  137  12:24  High Templar  
  137  12:29  Archon x2, Probe  
  145  12:44  Disruptor  
  145  12:45  Pylon, Probe x2  
  145  12:49  Probe  
  144  12:52  Disruptor  
  144  13:05  Probe  
  145  13:09  Dark Templar x2  
  145  13:10  Probe  
  150  13:15  Shield Battery  
  150  13:16  Zealot, Archon  
  152  13:20  Disruptor  
  152  13:21  Stalker x3  
  152  13:25  Disruptor  
  162  13:34  Pylon  
  162  13:36  Probe  
  162  13:37  Probe x2  
  162  13:39  Pylon  
  165  13:41  Dark Templar  
  165  13:48  Protoss Ground Weapons Level 3, Probe  
  166  13:54  Disruptor  
  166  13:55  Stalker x4  
  170  14:04  Observer  
  169  14:10  Zealot  
  169  14:11  Zealot  
  169  14:13  Probe  
  169  14:15  Dark Templar  
  174  14:19  Assimilator  
  174  14:22  Pylon  
  174  14:23  Assimilator  
  174  14:28  Stalker  
  174  14:29  Stalker x3  
  180  14:35  Probe  
  180  14:36  Probe  
  182  14:39  Zealot  
  182  14:45  Dark Templar  
  180  14:53  Dark Templar x2  
  180  14:54  Zealot x2  
  181  15:01  Dark Templar  
  181  15:08  Stalker x2  
  181  15:11  Probe  
  177  15:25  Probe  
  177  15:27  Stalker x2  
  177  15:28  Stalker x2  
  182  15:34  Disruptor  
  185  15:40  Disruptor  
  188  15:49  Dark Templar  
  190  15:59  Dark Templar  
  190  16:02  Nexus  
  192  16:07  Gateway x2  
  192  16:11  Pylon  
  192  16:25  Stalker x4  
  198  16:32  Robotics Facility  
  198  16:35  Photon Cannon  
  198  16:37  Photon Cannon, Dark Templar  
  200  16:41  Photon Cannon  
  200  16:46  Shield Battery  
  200  16:47  Archon  
  200  16:50  Dark Templar  
  200  17:03  Shield Battery  
  200  17:05  Pylon  
  189  17:18  Zealot x5  
  189  17:19  Zealot x2  
  189  17:21  Warp Prism  
  180  17:34  Assimilator  
  180  17:36  Assimilator  
  180  17:40  Zealot x4  
  180  17:41  Photon Cannon  
  184  17:44  Dark Templar  
Tags
 
Add a new tag
Caveats
  • Supply blocks, unpowered buildings, or Contaminate may cause inaccurate times.
  • Supply counts are checked every 10 seconds.